 Dungeon Crawl Stone Soup version 0.19-a0-1907-gcff654f (webtiles) character file.

364 motkustreak1 the Sneak (level 6, -14/36 HPs)
             Began as an Octopode Wizard on Oct 21, 2016.
             Demolished by an iguana (15 damage)
             ... on level 5 of the Dungeon.
             The game lasted 00:16:43 (4667 turns).

motkustreak1 the Sneak (Octopode Wizard)            Turns: 4667, Time: 00:16:45

Health: -14/36     AC:  1    Str:  4 (6)  XL:     6   Next: 67%
Magic:  10/12      EV: 13    Int: 22 (23) God:
Gold:   246        SH:  0    Dex:  8 (10) Spells: 3 memorised, 7 levels left

rFire  + . .     SeeInvis .     s - +4 spear
rCold  . . .     Gourm    .     (no shield)
rNeg   . . .     Faith    .     a - +0 hat
rPois  .         Spirit   .     (no amulet)
rElec  .         Reflect  .     n - ring of resist corrosion
rCorr  +         Harm     .     z - ring of protection from fire
MR     .....                    (no ring)
Stlth  +++.......               (no ring)
                                (no ring)
                                (no ring)
                                (no ring)
                                (no ring)

@: repel missiles
A: almost no armour, stealthy swim, amphibious, 8 rings, constrict 8, camouflage
1, gelatinous body 1
a: no special abilities


You were on level 5 of the Dungeon.
You were hungry.

You visited 1 branch of the dungeon, and saw 6 of its levels.

You collected 246 gold pieces.

Inventory:

Hand Weapons
 r - a +0 dagger of venom
 s - a +4 spear (weapon)
Missiles
 h - 115 stones (quivered)
 v - 61 poisoned needles
Armour
 a - a +0 hat (worn)
 t - a +0 shield
Jewellery
 n - a ring of resist corrosion (left tentacle)
 z - a ring of protection from fire (right tentacle)
Scrolls
 e - 2 scrolls of amnesia
 i - a scroll of identify
 j - a scroll of teleportation
 k - 4 scrolls of remove curse
 m - a scroll of enchant armour {unknown}
 p - a scroll of recharging {unknown}
 y - 2 scrolls of fog
Potions
 d - a potion of degeneration
 g - a potion of curing
 o - a potion of might {unknown}
 u - a potion of beneficial mutation {unknown}
 w - 2 potions of resistance {unknown}
Books
 b - a book of Minor Magic

   Spells                             Type                      Level
   a - Magic Dart                     Conjuration                  1
   b - Blink                          Translocation                2
   c - Call Imp                       Summoning                    2
   d - Repel Missiles                 Charms/Air                   2
   e - Slow                           Hexes                        2
   f - Conjure Flame                  Conjuration/Fire             3
   g - Mephitic Cloud                 Conjuration/Poison/Air       3
Comestibles
 c - 4 bread rations
 f - 4 meat rations
 l - a royal jelly
 q - 3 fruits
 A - a beef jerky


   Skills:
 * Level 0.0 Fighting
 * Level 1.0 Polearms
 - Level 2.0 Dodging
 - Level 5.0 Stealth
 - Level 4.0 Spellcasting
 + Level 4.0 Conjurations
   Level 1.0 Summonings
   Level 1.0 Translocations
 - Level 1.3 Air Magic
 + Level 2.4 Poison Magic


You had 7 spell levels left.
You knew the following spells:

 Your Spells              Type           Power        Failure   Level  Hunger
a - Repel Missiles        Chrm/Air       #.....       14%         2    #......
b - Mephitic Cloud        Conj/Pois/Air  ###.....     12%         3    ###....
f - Magic Dart            Conj           ###.         1%          1    None


Dungeon Overview and Level Annotations

Branches:
Dungeon (6/15)
 Temple: D:4-7

Altars:
Elyvilon
Fedhas

Annotations:
D:2 exclusion: downstairs
D:3 exclusion: oklob plant, Graouh's ghost, amateur MiFi


Innate Abilities, Weirdness & Mutations

You cannot wear most types of armour.
You are very stealthy in the water. (Stealth+)
You are amphibious.
You can wear up to eight rings at the same time.
You can use your tentacles to constrict eight enemies at once.
Your skin changes colour to match your surroundings (Stealth+).
Your rubbery body absorbs attacks. (AC +1, EV +1)


Message History

The iguana bites you.
You hit the iguana. You grab the iguana.
The iguana is moderately wounded.
The iguana barely misses you.
You hit the iguana. Your squeeze misses the iguana.
The iguana is heavily wounded.
You constrict the iguana, but do no damage.
The iguana bites you.
You completely miss the iguana.
The iguana is heavily wounded.
You constrict the iguana, but do no damage.
The centaur shoots an arrow.
The arrow is repelled.
The arrow completely misses the iguana.
The iguana closely misses you.
You barely miss the iguana.
The iguana is heavily wounded.
You constrict the iguana, but do no damage.
The centaur shoots an arrow.
The arrow hits you!
* * * LOW HITPOINT WARNING * * *
The iguana bites you!
You die...

### #.. #.# ## ##.#
.$. #########..# ...
##.....##.... #.(
##............
#..(#####...[.........
#.l@.##....รท<.......
####.##.............
#................
#.##c............
#................
#.................
#.#####.....#..... ..
####...##... #.#
#........


You could see a centaur and an iguana.

Vanquished Creatures
  A scorpion (D:4)
  A hound (D:4)
  An orc priest (D:4)
  A bullfrog skeleton (D:4)
  3 worker ants (D:4)
  3 gnolls (D:4)
  3 adders
  An adder skeleton (D:4)
  A worm (D:2)
  2 dart slugs
  2 leopard geckos (D:2)
  10 orcs
  2 ball pythons
  5 giant cockroaches
  6 goblins
  7 hobgoblins
  3 jackals (D:2)
  5 kobolds
  5 quokkas
  4 bats
  6 frilled lizards
  12 rats
84 creatures vanquished.

Vanquished Creatures (others)
  A quokka (D:3)
1 creature vanquished.

Grand Total: 85 creatures vanquished

Notes
Turn   | Place    | Note
-------+----------+-------------------------------------------
     0 | D:1      | motkustreak1 the Octopode Wizard began the quest for the Orb.
     0 | D:1      | Reached XP level 1. HP: 11/11 MP: 4/4
    88 | D:1      | Reached skill level 3 in Stealth
   417 | D:1      | Reached XP level 2. HP: 17/17 MP: 4/6
   588 | D:1      | Learned a level 2 spell: Repel Missiles
   910 | D:1      | You fall through a shaft!
  1299 | D:2      | Reached XP level 3. HP: 21/21 MP: 3/7
  1379 | D:2      | Learned a level 3 spell: Mephitic Cloud
  2192 | D:3      | Reached XP level 4. HP: 27/27 MP: 5/9
  2290 | D:3      | Found a white marble altar of Elyvilon.
  2541 | D:3      | Found a blossoming altar of Fedhas.
  2561 | D:3      | Noticed an oklob plant
  2630 | D:3      | Noticed Graouh's ghost (amateur MiFi)
  2855 | D:4      | Reached skill level 4 in Stealth
  2855 | D:4      | Reached skill level 1 in Poison Magic
  2917 | D:4      | Reached XP level 5. HP: 21/31 MP: 6/10
  3282 | D:4      | Reached skill level 1 in Air Magic
  3337 | D:4      | Reached XP level 6. HP: 22/36 MP: 2/11
  3594 | D:4      | Reached skill level 5 in Stealth
  4297 | D:5      | Entered Level 5 of the Dungeon
  4312 | D:5      | Noticed a phantom
  4378 | D:6      | Noticed an orc warrior
  4528 | D:5      | Reached skill level 1 in Polearms
  4529 | D:5      | Noticed a water moccasin
  4667 | D:5      | HP: 1/36 [centaur/arrow (10)]
  4667 | D:5      | Demolished by an iguana

Vault maps used:
D:1:      eino_arrival_druids_welcome, serial_forest,
          infiniplex_forest_clump_tiny, infiniplex_forest_straight_4,
          infiniplex_forest_straight_2, infiniplex_forest_join,
          infiniplex_forest_zigzag_1, infiniplex_forest_clump_medium,
          infiniplex_forest_end_3, infiniplex_forest_end_3,
          minmay_misc_feat_roman, hex_tiny
D:2:      first_bread
D:3:      tgw_fedhas, elyvilon_altar_4
D:4:      minmay_diamond_boxcup
D:5:      portal_sewer_entry_d, interstate_on_off, glass_columns_a

Skill      XL: |  1  2  3  4  5  6 |
---------------+-------------------+-----
Stealth        | 3 4 5 |  5.0
Conjurations   | 2 3 4 |  4.0
Poison Magic   | 1 2 |  2.4
Air Magic      | 1 |  1.3
Spellcasting   | 4 |  4.0
Polearms       | 1 |  1.0
Dodging        | |  2.0
Summonings     | |  1.0
Translocations | |  1.0

Action                   |  1- 3 |  4- 6 || total
-------------------------+-------+-------++-------
Melee: Unarmed           |    16 |       ||    16
       Constrict         |    11 |    17 ||    28
       Tentacles         |     4 |     7 ||    11
       Spear             |    37 |   100 ||   137
Throw: Stone             |     6 |       ||     6
 Cast: Magic Dart        |    81 |    55 ||   136
       Repel Missiles    |     1 |       ||     1
       Mephitic Cloud    |     1 |     9 ||    10
  Use: Scroll            |       |     6 ||     6
       Potion            |       |     2 ||     2
 Stab: Sleeping          |     2 |     5 ||     7
       Confused          |       |     1 ||     1
  Eat: Chunk             |     4 |     8 ||    12
Armor: Skin              |     1 |     3 ||     4
Dodge: Dodged            |    16 |    34 ||    50
       Deflected         |       |     2 ||     2
